TOP OF THE 1ST |
---|
Calgary Cowboys batting - Pitching for Gresham Gold Souls : RHP Pat Wyatt | Pitching: RHP Pat Wyatt | | Batting: RHB Luis Ibarra | 0-0: Called Strike 0-1: Called Strike 0-2: Ball 1-2: Foul Ball, location: 2F 1-2: Ball 2-2: Strikes out looking | Batting: RHB Travis Colbert | 0-0: Called Strike 0-1: Ball 1-1: Ball 2-1: Ball 3-1: Foul Ball, location: 2F 3-2: Strikes out looking | Batting: RHB Tom Rowe | 0-0: DOUBLE (Line Drive, 89D) | Batting: LHB Fred Abrams | 0-0: Called Strike 0-1: Fly out, F9 (Flyball, 89S) | Top of the 1st over - 0 runs, 1 hit, 0 errors, 1 left on base; Calgary 0 - Gresham 0 | BOTTOM OF THE 1ST |
---|
Gresham Gold Souls batting - Pitching for Calgary Cowboys : RHP William Bryan | Pitching: RHP William Bryan | | Batting: LHB Jeff Douglas | 0-0: Ball 1-0: Fly out, F8 (Flyball, 8RD) | Batting: RHB Alberto Chávez | 0-0: Ball 1-0: Ball 2-0: Foul Ball, location: 2F 2-1: Ball 3-1: Base on Balls | Batting: LHB Bill Smith | Pickoff Throw to First - Out! 0-0: Ball 1-0: Foul Ball, location: 2F 1-1: Swinging Strike 1-2: Foul Ball, location: 2F 1-2: Ball 2-2: Strikes out swinging | Bottom of the 1st over - 0 runs, 0 hits, 0 errors, 0 left on base; Calgary 0 - Gresham 0 | TOP OF THE 2ND |
---|
Calgary Cowboys batting - Pitching for Gresham Gold Souls : RHP Pat Wyatt | Batting: RHB Paul Swift | 0-0: Foul Ball, location: 2F 0-1: SINGLE (Groundball, 34D) | Batting: LHB Russell Peck | 0-0: Called Strike 0-1: Ball 1-1: Called Strike 1-2: SINGLE (Line Drive, 9S) Paul Swift to second Runner from 2nd tries for 3rd, OUT! | Batting: LHB Freddy Herrera | 0-0: Ball 1-0: Called Strike 1-1: Called Strike 1-2: Strikes out swinging | Batting: RHB Mario Sánchez | 0-0: Ball 1-0: Ball 2-0: Ball 3-0: Foul Ball, location: 2F 3-1: Ground out U3 (Groundball, 3S) | Top of the 2nd over - 0 runs, 2 hits, 0 errors, 1 left on base; Calgary 0 - Gresham 0 | BOTTOM OF THE 2ND |
---|
Gresham Gold Souls batting - Pitching for Calgary Cowboys : RHP William Bryan | Batting: LHB Millard Dye | 0-0: Foul Ball, location: 2F 0-1: Fly out, F7 (Flyball, 7LMF) | Batting: LHB Ezechiele Bruno | 0-0: Called Strike 0-1: Swinging Strike 0-2: Ball 1-2: Ball 2-2: Strikes out swinging | Batting: SHB Todd Smith | 0-0: Called Strike 0-1: Swinging Strike 0-2: Ball 1-2: Fly out, F3 (Popup, 3SF) | Bottom of the 2nd over - 0 runs, 0 hits, 0 errors, 0 left on base; Calgary 0 - Gresham 0 | TOP OF THE 3RD |
---|
Calgary Cowboys batting - Pitching for Gresham Gold Souls : RHP Pat Wyatt | Batting: RHB César Rodríguez | 0-0: Ball 1-0: Ball 2-0: Called Strike 2-1: Foul Ball, location: 2F 2-2: Ball 3-2: Foul Ball, location: 2F 3-2: Base on Balls | Batting: RHB Luis Ibarra | 0-0: Ball 1-0: Ball 2-0: Fly out, F3 (Popup, 23) | Batting: RHB Travis Colbert | 0-0: Called Strike 0-1: Ball 1-1: Called Strike César Rodríguez steals 2nd base 1-2: Strikes out swinging, 2-3 out at first. | Batting: RHB Tom Rowe | 0-0: Called Strike 0-1: SINGLE (Line Drive, 6MD) César Rodríguez to third | Batting: LHB Fred Abrams | 0-0: Foul Ball, location: 2F 0-1: Ground out 3-1 (Groundball, 3L) | Top of the 3rd over - 0 runs, 1 hit, 0 errors, 2 left on base; Calgary 0 - Gresham 0 | BOTTOM OF THE 3RD |
---|
Gresham Gold Souls batting - Pitching for Calgary Cowboys : RHP William Bryan | Batting: SHB Francis Shaffer | 0-0: Ball 1-0: Foul Ball, location: 2F 1-1: Foul Ball, location: 2F 1-2: Ball 2-2: Foul Ball, location: 2F 2-2: Ground out 1-3 (Groundball, 15S) | Batting: RHB Augusto Baiano | 0-0: Fly out, F8 (Flyball, 8RM) | Batting: SHB Sean Carr | 0-0: Ball 1-0: Called Strike 1-1: Ball 2-1: SINGLE (Groundball, 6MD) | Batting: LHB Jeff Douglas | 0-0: Ball 1-0: DOUBLE (Flyball, 89D) Sean Carr to third Runner from 3rd tries for Home, SAFE, no throw | Batting: RHB Alberto Chávez | 0-0: Called Strike 0-1: Called Strike 0-2: Ball 1-2: SINGLE (Groundball, 56D) Jeff Douglas to third Runner from 3rd tries for Home, throw and OUT! | Bottom of the 3rd over - 1 run, 3 hits, 0 errors, 1 left on base; Calgary 0 - Gresham 1 | TOP OF THE 4TH |
---|
Calgary Cowboys batting - Pitching for Gresham Gold Souls : RHP Pat Wyatt | Batting: RHB Paul Swift | 0-0: TRIPLE (Flyball, 8LXD) | Batting: LHB Russell Peck | 0-0: Ball 1-0: Foul Ball, location: 2F 1-1: 2-RUN HOME RUN (Flyball, 9D), Distance : 388 ft | Batting: LHB Freddy Herrera | 0-0: Foul Ball, location: 2F 0-1: Ball 1-1: Bunt for hit - play at first, batter OUT! 1-3 | Batting: RHB Mario Sánchez | 0-0: Ball 1-0: Swinging Strike 1-1: Fly out, F8 (Flyball, 8RS) | Batting: RHB César Rodríguez | 0-0: Ball 1-0: Foul Ball, location: 2F 1-1: Ball 2-1: Called Strike 2-2: Foul Ball, location: 2F 2-2: Strikes out swinging | Top of the 4th over - 2 runs, 2 hits, 0 errors, 0 left on base; Calgary 2 - Gresham 1 | BOTTOM OF THE 4TH |
---|
Gresham Gold Souls batting - Pitching for Calgary Cowboys : RHP William Bryan | Batting: LHB Bill Smith | 0-0: Called Strike 0-1: Called Strike 0-2: Foul Ball, location: 2F 0-2: Ball 1-2: Foul Ball, location: 2F 1-2: Strikes out swinging | Batting: LHB Millard Dye | 0-0: Ball 1-0: Foul Ball, location: 2F 1-1: Fly out, F7 (Flyball, 7S) | Batting: LHB Ezechiele Bruno | 0-0: Foul Ball, location: 2F 0-1: Ground out 6-3 (Groundball, 6M) | Bottom of the 4th over - 0 runs, 0 hits, 0 errors, 0 left on base; Calgary 2 - Gresham 1 | TOP OF THE 5TH |
---|
Calgary Cowboys batting - Pitching for Gresham Gold Souls : RHP Pat Wyatt | Batting: RHB Luis Ibarra | 0-0: Ball 1-0: Foul Ball, location: 2F 1-1: Foul Ball, location: 2F 1-2: Strikes out swinging | Batting: RHB Travis Colbert | 0-0: Ball 1-0: Foul Ball, location: 2F 1-1: Called Strike 1-2: Ground out 6-3 (Groundball, 6) | Batting: RHB Tom Rowe | 0-0: Ball 1-0: Ball 2-0: Ball 3-0: Called Strike 3-1: Base on Balls | Batting: LHB Fred Abrams | 0-0: Ball 1-0: Ball 2-0: Ball 3-0: Called Strike 3-1: Fly out, F9 (Flyball, 9LSF) | Top of the 5th over - 0 runs, 0 hits, 0 errors, 1 left on base; Calgary 2 - Gresham 1 | BOTTOM OF THE 5TH |
---|
Gresham Gold Souls batting - Pitching for Calgary Cowboys : RHP William Bryan | Batting: SHB Todd Smith | 0-0: Called Strike 0-1: Foul Ball, location: 2F 0-2: Fly out, F8 (Flyball, 8RM) | Batting: SHB Francis Shaffer | 0-0: Ball 1-0: Called Strike 1-1: Ball 2-1: Foul Ball, location: 2F 2-2: Ball 3-2: Strikes out looking | Batting: RHB Augusto Baiano | 0-0: Ball 1-0: Foul Ball, location: 2F 1-1: Ball 2-1: SINGLE (Line Drive, 4M) | Batting: SHB Sean Carr | 0-0: Ball 1-0: Ground out U3 (Groundball, 3L) | Bottom of the 5th over - 0 runs, 1 hit, 0 errors, 1 left on base; Calgary 2 - Gresham 1 | TOP OF THE 6TH |
---|
Calgary Cowboys batting - Pitching for Gresham Gold Souls : RHP Pat Wyatt | Batting: RHB Paul Swift | 0-0: Ball 1-0: Ball 2-0: Called Strike 2-1: Called Strike 2-2: Strikes out swinging | Batting: LHB Russell Peck | 0-0: Called Strike 0-1: Swinging Strike 0-2: Foul Ball, location: 2F 0-2: Ball 1-2: Ball 2-2: Strikes out swinging | Batting: LHB Freddy Herrera | 0-0: Called Strike 0-1: Ground out 6-3 (Groundball, 6) | Top of the 6th over - 0 runs, 0 hits, 0 errors, 0 left on base; Calgary 2 - Gresham 1 | BOTTOM OF THE 6TH |
---|
Gresham Gold Souls batting - Pitching for Calgary Cowboys : RHP William Bryan | Batting: LHB Jeff Douglas | 0-0: Ball 1-0: Ball 2-0: Ball 3-0: Base on Balls | Batting: RHB Alberto Chávez | 0-0: Ground out 5-3 (Groundball, 2L) Jeff Douglas to second | Batting: LHB Bill Smith | 0-0: Ball 1-0: Ball 2-0: Foul Ball, location: 2F 2-1: Ball 3-1: Ground out 4-3 (Groundball, 4) Jeff Douglas to third | Batting: LHB Millard Dye | 0-0: Ball 1-0: Ball 2-0: Swinging Strike 2-1: Fly out, F7 (Line Drive, 78M) | Bottom of the 6th over - 0 runs, 0 hits, 0 errors, 1 left on base; Calgary 2 - Gresham 1 | TOP OF THE 7TH |
---|
Calgary Cowboys batting - Pitching for Gresham Gold Souls : RHP Pat Wyatt | Pitching: RHP León Trevino | | Batting: RHB Mario Sánchez | 0-0: Swinging Strike 0-1: Foul Ball, location: 2F 0-2: Ball 1-2: Ball 2-2: Ball 3-2: Fly out, F9 (Flyball, 89D) | Batting: RHB César Rodríguez | 0-0: Ball 1-0: Ball 2-0: Foul Ball, location: 2F 2-1: Called Strike 2-2: Strikes out looking | Batting: RHB Luis Ibarra | 0-0: Called Strike 0-1: Ball 1-1: Called Strike 1-2: Strikes out swinging | Top of the 7th over - 0 runs, 0 hits, 0 errors, 0 left on base; Calgary 2 - Gresham 1 | BOTTOM OF THE 7TH |
---|
Gresham Gold Souls batting - Pitching for Calgary Cowboys : RHP William Bryan | Batting: LHB Ezechiele Bruno | 0-0: Ball 1-0: SINGLE (Line Drive, 9LM) | Batting: SHB Todd Smith | 0-0: Called Strike 0-1: Sac Bunt - play at second, runner OUT! 5-6 | Pinch Hitting: LHB Nick Scott | 0-0: Ball 1-0: Ball 2-0: Called Strike 2-1: Ball 3-1: Base on Balls Todd Smith to second | Pinch Hitting: LHB Jeff McKinney | 0-0: Swinging Strike 0-1: Fly out, F9 (Line Drive, 9) | Batting: SHB Sean Carr | 0-0: Ball 1-0: Called Strike 1-1: Called Strike 1-2: Ball 2-2: Foul Ball, location: 2F 2-2: Ball 3-2: Strikes out swinging | Bottom of the 7th over - 0 runs, 1 hit, 0 errors, 2 left on base; Calgary 2 - Gresham 1 | TOP OF THE 8TH |
---|
Calgary Cowboys batting - Pitching for Gresham Gold Souls : RHP León Trevino | Now at 2B: Adam Thomas | | Now at 3B: Jeff McKinney | | Batting: RHB Travis Colbert | 0-0: TRIPLE (Flyball, 8RXD) | Batting: RHB Tom Rowe | 0-0: Foul Ball, location: 2F 0-1: Called Strike 0-2: Ball 1-2: Foul Ball, location: 2F 1-2: Foul Ball, location: 2F 1-2: Foul Ball, location: 2F 1-2: SINGLE (Line Drive, 4M) Travis Colbert scores | Batting: LHB Fred Abrams | 0-0: Ball 1-0: Foul Ball, location: 2F 1-1: Grounds into double play, 1-6-3 (Groundball, 13S) | Batting: RHB Paul Swift | 0-0: Called Strike 0-1: Ball 1-1: Swinging Strike 1-2: Ball 2-2: SINGLE (Flyball, 3D) | Batting: LHB Russell Peck | 0-0: Ball 1-0: Called Strike 1-1: Ball 2-1: SINGLE (Groundball, 6MD) Paul Swift to second | Batting: LHB Freddy Herrera | 0-0: Ball 1-0: Ball 2-0: Foul Ball, location: 2F 2-1: Ball 3-1: Foul Ball, location: 2F 3-2: Foul Ball, location: 2F 3-2: Base on Balls Paul Swift to third Russell Peck to second | Batting: RHB Mario Sánchez | 0-0: Foul Ball, location: 2F 0-1: Ball 1-1: Ball 2-1: Swinging Strike 2-2: Foul Ball, location: 2F 2-2: Ball 3-2: Foul Ball, location: 2F 3-2: Base on Balls Paul Swift scores Russell Peck to third Freddy Herrera to second | Pitching: RHP António Rodríguez | | Pinch Hitting: LHB Del Kennedy | 0-0: Called Strike 0-1: Swinging Strike 0-2: Ball 1-2: Ball 2-2: Strikes out swinging | Top of the 8th over - 2 runs, 4 hits, 0 errors, 3 left on base; Calgary 4 - Gresham 1 | BOTTOM OF THE 8TH |
---|
Gresham Gold Souls batting - Pitching for Calgary Cowboys : RHP William Bryan | Pitching: RHP Pedro Leal | | Now in CF: Del Kennedy | | Batting: LHB Jeff Douglas | 0-0: Foul Ball, location: 2F 0-1: Foul Ball, location: 2F 0-2: Ball 1-2: Foul Ball, location: 2F 1-2: Foul Ball, location: 2F 1-2: Ground out 4-3 (Groundball, 4) | Batting: RHB Alberto Chávez | 0-0: Foul Ball, location: 2F 0-1: Ball 1-1: Called Strike 1-2: Foul Ball, location: 2F 1-2: Foul Ball, location: 2F 1-2: Strikes out swinging | Batting: LHB Bill Smith | 0-0: Ball 1-0: Called Strike 1-1: Foul Ball, location: 2F 1-2: Strikes out looking | Bottom of the 8th over - 0 runs, 0 hits, 0 errors, 0 left on base; Calgary 4 - Gresham 1 | TOP OF THE 9TH |
---|
Calgary Cowboys batting - Pitching for Gresham Gold Souls : RHP António Rodríguez | Batting: RHB Luis Ibarra | 0-0: Called Strike 0-1: Ball 1-1: Foul Ball, location: 2F 1-2: Ball 2-2: Ball 3-2: Base on Balls | Batting: RHB Travis Colbert | 0-0: Ball 1-0: Bunted foul 1-1: Bunted foul 1-2: Foul Ball, location: 2F 1-2: Ball 2-2: Foul Ball, location: 2F 2-2: SINGLE (Popup, 3D) Luis Ibarra to second Runner from 2nd tries for 3rd, SAFE, throw made to third | Batting: RHB Tom Rowe | 0-0: Ball Travis Colbert is caught stealing 2nd base 1-0: Foul Ball, location: 2F 1-1: Ball 2-1: Ball 3-1: Swinging Strike 3-2: Base on Balls | Batting: LHB Fred Abrams | 0-0: Ball Tom Rowe steals 2nd base 1-0: Intentional Walk | Batting: RHB Paul Swift | 0-0: Swinging Strike 0-1: Fly out, F7 (Line Drive, 7D) Runner from 3rd tags up, SCORES, no throw | Batting: LHB Russell Peck | 0-0: Swinging Strike 0-1: Foul Ball, location: 2F 0-2: Ball 1-2: Fielders Choice at 2nd, 6-4 (Groundball, 6) | Top of the 9th over - 1 run, 1 hit, 0 errors, 2 left on base; Calgary 5 - Gresham 1 | BOTTOM OF THE 9TH |
---|
Gresham Gold Souls batting - Pitching for Calgary Cowboys : RHP Pedro Leal | Batting: LHB Millard Dye | 0-0: Ball 1-0: SINGLE (Line Drive, 6MD) | Batting: LHB Ezechiele Bruno | 0-0: Ball 1-0: Called Strike 1-1: Swinging Strike 1-2: Strikes out looking | Batting: SHB Todd Smith | 0-0: Foul Ball, location: 2F 0-1: Called Strike 0-2: Fly out, F9 (Flyball, 9LS) | Batting: RHB Adam Thomas | 0-0: Ball 1-0: Ball Wild Pitch! Millard Dye to second 2-0: Swinging Strike 2-1: 2-RUN HOME RUN (Flyball, 9LD), Distance : 374 ft | Pitching: RHP Denny Koch | | Batting: LHB Jeff McKinney | 0-0: Ball 1-0: Called Strike 1-1: Ball 2-1: Foul Ball, location: 2F 2-2: Foul Ball, location: 2F 2-2: Ball 3-2: Strikes out swinging | Bottom of the 9th over - 2 runs, 2 hits, 0 errors, 0 left on base; Calgary 5 - Gresham 3 | |